 Dungeon Crawl Stone Soup version 0.22.0-38-g04b72b8 (webtiles) character file.

193 Marcoleric the Sneak (level 5, -7/35 HPs)
             Began as an Octopode Assassin on Aug 27, 2018.
             Killed from afar by an orc wizard (9 damage)
             ... with a magic dart
             ... on level 3 of the Dungeon.
             The game lasted 00:08:23 (1844 turns).

Marcoleric the Sneak (Octopode Assassin)            Turns: 1844, Time: 00:08:24

Health: -7/35      AC:  1    Str: 12    XL:     5   Next: 72%
Magic:  5/5        EV: 13    Int: 13    God:
Gold:   23         SH:  0    Dex: 13    Spells: 4/4 levels left

rFire    . . .     SeeInvis .   a - +2 dagger
rCold    . . .     Gourm    .   (no shield)
rNeg     . . .     Faith    .   (helmet restricted)
rPois    +         Spirit   .   (no amulet)
rElec    .         Reflect  .   e - ring of poison resistance
rCorr    .         Harm     .   (no ring)
MR       .....                  (no ring)
Stlth    ++........             (no ring)
HPRegen  0.11/turn              (no ring)
MPRegen  0.09/turn              (no ring)
                                (no ring)
                                (no ring)

@: confused
A: almost no armour, stealthy swim, amphibious, 8 rings, constrict 8, camouflage
1, gelatinous body 1
a: no special abilities


You were on level 3 of the Dungeon.
You were not hungry.

You visited 1 branch of the dungeon, and saw 4 of its levels.

You collected 23 gold pieces.

Inventory:

Hand Weapons
 a - a +2 dagger (weapon)
 b - a +0 blowgun
 i - a cursed -2 hunting sling
 n - a +0 mace
 o - a +0 falchion
 p - a cursed -3 hunting sling
Missiles
 c - 8 poisoned needles
 d - 2 curare-tipped needles
 k - 5 needles of paralysis
Jewellery
 e - a ring of poison resistance (left tentacle)
 m - an uncursed ring of magical power {unknown}
Potions
 g - a potion of cancellation {unknown}
 h - a potion of curing {unknown}
 j - a potion of heal wounds {unknown}
 l - a potion of brilliance {unknown}
Comestibles
 f - 3 rations


   Skills:
 + Level 2.4 Fighting
 + Level 3.2 Short Blades
 + Level 3.0 Throwing
 + Level 1.9 Dodging
 + Level 7.3 Stealth


You had 4 spell levels left.
You didn't know any spells.
Your spell library was empty.

Dungeon Overview and Level Annotations

Branches:
Dungeon (4/15)
 Temple: D:4-7

Altars:

Shops:
D:4 ?

Annotations:
D:3 Robin
D:4 Blork the orc


Innate Abilities, Weirdness & Mutations

You cannot wear most types of armour.
You are very stealthy in the water. (Stealth+)
You are amphibious.
You can wear up to eight rings at the same time.
You can use your tentacles to constrict eight enemies at once.
Your skin changes colour to match your surroundings (Stealth+).
Your rubbery body absorbs attacks. (AC +1, EV +1)


Message History

You hear some strange, mumbled words.
A puff of flame appears from out of thin air!
The puff of flame hits you!
You barely miss something. Your squeeze misses something. Something hits you.
An orc wizard appears from thin air!
Reactivating autopickup.
The orc wizard points at you and mumbles some strange words.
The magic dart hits you!
* * * LOW HITPOINT WARNING * * *
The orc wizard points at you and mumbles some strange words.
You are confused.
You closely miss the orc wizard.
The orc wizard is moderately wounded.
The orc wizard casts a spell at you. The puff of flame hits you!
* * * LOW HITPOINT WARNING * * *
You bump into the rock wall.
The orc wizard casts a spell at you. The magic dart hits you!
You die...

#######.....########)##.
#.....'.....'>.......(..
##.####.....#.######.#..
#.# #.....#.# #.#.. #.#
#######.# #.##. #.# #.#
#.##. #.# #.######.##.
#.######## #...........
#.....@o.# ######...#..
########.# #.#..†# #.#
#.+...' #.# ###...# #.#
#...# #.# #...# #.#
#...# #.####### #...#
#.......# #...#


You could see an orc wizard.

Vanquished Creatures
  A howler monkey (D:4)
  Terence (D:3)
  A worker ant (D:4)
  3 gnolls (D:2)
  An adder (D:3)
  An ooze (D:2)
  A worm (D:2)
  3 dart slugs
  A leopard gecko (D:1)
  7 orcs (D:3)
  A giant cockroach (D:2)
  6 goblins
  4 hobgoblins
  6 jackals
  6 bats
  3 frilled lizards
  2 kobolds (D:1)
  A quokka skeleton (D:3)
  3 rats
52 creatures vanquished.

Notes
Turn   | Place    | Note
-------+----------+-------------------------------------------
     0 | D:1      | Marcoleric the Octopode Assassin began the quest for the Orb.
     0 | D:1      | Reached XP level 1. HP: 14/14 MP: 1/1
   135 | D:1      | Reached XP level 2. HP: 19/19 MP: 2/2
   619 | D:2      | Reached skill level 6 in Stealth
   619 | D:2      | Reached XP level 3. HP: 24/24 MP: 3/3
   763 | D:2      | Reached XP level 4. HP: 21/29 MP: 4/4
  1147 | D:3      | Noticed Terence
  1157 | D:3      | Killed Terence
  1172 | D:3      | Reached skill level 7 in Stealth
  1172 | D:3      | Reached XP level 5. HP: 22/34 MP: 5/5
  1186 | D:4      | Noticed an ogre
  1241 | D:4      | Found Omoim's Magic Scroll Boutique.
  1475 | D:4      | Noticed Blork the orc
  1728 | D:3      | Noticed Robin
  1844 | D:3      | Killed from afar by an orc wizard

Skill      XL: |  1  2  3  4  5 |
---------------+----------------+-----
Stealth        | 6 7 |  7.3
Short Blades   | 3 |  3.2
Throwing       | 3 |  3.0
Fighting       | |  2.4
Dodging        | |  1.9

Action                   |  1- 3 |  4- 6 || total
-------------------------+-------+-------++-------
Melee: Dagger            |    51 |    60 ||   111
       Constrict         |     9 |    18 ||    27
       Tentacles         |     5 |    17 ||    22
 Fire: Blowgun           |     1 |       ||     1
Throw: Javelin           |    18 |       ||    18
  Use: Scroll            |       |     2 ||     2
 Stab: Sleeping          |     6 |     3 ||     9
  Eat: Ration            |       |     1 ||     1
Armor: Skin              |     4 |     7 ||    11
Dodge: Dodged            |    24 |    61 ||    85
